AoeStats
← Monkey

MegaRandom

506645842Analyzed
1v1 RM · 18d ago on Sep 14, 2026· 47m 57s· 2 players
Game mode
Random Map
Map size
Tiny (2 player)
Population
200
Speed
Normal
Resources
Standard
Victory
Conquest
Starting age
Dark Age
Ending age
Imperial Age
RankedLock teamsTeams togetherTeam positionsShared explorationLock speedFull tech treeHidden civsTurbo modeCheats
Victory
Defeat
🇫🇷 Vietnamese · France
414
+14
🇧🇷 Lithuanians · Brazil
377
-14
Monkey
17:00 Feudal Age
17:15 Loom
23:58 Castle Age
23:14 Padded Archer Armor
23:04 Fletching
29:26 Demolition Ship
30:15 Town Watch
32:29 Town Patrol
33:16 Ballistics
33:09 Fortified Wall
32:55 Murder Holes
38:45 Guard Tower
pavelpriesel
12:59 Feudal Age
11:15 Loom
18:10 Castle Age
16:21 Fletching
19:33 Husbandry
24:31 Bloodlines
24:37 Forging
26:02 Double-Bit Axe
26:03 Horse Collar
26:17 Gold Mining
26:17 Stone Mining
26:27 Stone Mining
27:49 Ballistics
29:22 Wheelbarrow
28:34 Town Watch
29:06 Murder Holes
30:54 Scale Barding Armor
31:25 Iron Casting
31:17 Bodkin Arrow
33:13 Chatras
35:43 Heated Shot
37:01 Padded Archer Armor
37:22 Chain Barding Armor
37:08 Arson
37:24 Squires
42:53 Bow Saw
43:03 Hand Cart
42:48 Town Patrol
43:23 Light Cavalry
49:15 Imperial Age
Connection lost

Rejoining the realm…

Still unreachable

The connection could not be restored.

Session expired

The server has moved on; the page needs a fresh start.